Cogmind - Beta 13 @@@ ROGUE MODE // 2024.04.14 @ 20:43:15 Player: Nebula avali Result: Destroyed by S-10 Pest with Light Assault Rifle Performance ------------- Evolutions (0) 0 Regions Visited (2) 400 Robots Destroyed (16) 80 Value Destroyed (388) 388 Prototype IDs (0) 0 Alien Tech Used (0) 0 Bonus (0) 0 TOTAL SCORE: 868 Bonus ------- None Cogmind --------- Core Integrity 0/250 Matter 279/300 Energy 98/100 System Corruption 0% Temperature Cool (0) Movement Rolling (130) Ox2 Location -10/Mines Parts ------- > --- POWER (1) -------- (None) > --- PROPULSION (2) --- Compact Wheel Compact Wheel > --- UTILITY (2) ------ Huge Storage Unit Visual Processing Unit > --- WEAPON (2) ------- Light Assault Rifle Light Assault Rifle > --- INVENTORY (25) --- Light Ion Engine Compact Wheel Light Armor Plating Light Assault Rifle Grenade Launcher Mining Laser Peak State ------------ > --- POWER ------------ (None) > --- PROPULSION ------- Light Treads Light Treads > --- UTILITY ---------- Huge Storage Unit Visual Processing Unit > --- WEAPON ----------- Light Assault Rifle Light Assault Rifle > --- INVENTORY -------- Light Ion Engine Aluminum Leg Aluminum Leg Wheel Wheel Compact Wheel Compact Wheel Light Armor Plating Light Assault Rifle Grenade Launcher Mining Laser [Rating: 8] Favorites ----------- Power Light Ion Engine Engine Light Ion Engine Propulsion Light Treads Treads Light Treads Leg Aluminum Leg Wheel Compact Wheel Utility Huge Storage Unit Storage Huge Storage Unit Processor Visual Processing Unit Weapon Light Assault Rifle Ballistic Gun Light Assault Rifle Build | -11 -10 -10 ------- Run | Yrd Mat Min Slots Evolved . | . . . Power . | . . . Propulsion . | . . . Utility . | . . . Weapon . | . . . Parts Attached 12 | 2 5 5 Power . | . . . Engine . | . . . Core . | . . . Reactor . | . . . Propulsion 8 | 2 2 4 Treads 2 | 2 . . Leg 2 | . . 2 Wheel 4 | . 2 2 Hover . | . . . Flight . | . . . Utility 2 | . 2 . Device . | . . . Storage 1 | . 1 . Processor 1 | . 1 . Hackware . | . . . Protection . | . . . Artifact . | . . . Weapon 2 | . 1 1 Energy Gun . | . . . Energy Cannon . | . . . Ballistic Gun 2 | . 1 1 Ballistic Cannon . | . . . Launcher . | . . . Special Weapon . | . . . Impact Weapon . | . . . Slashing Weapon . | . . . Piercing Weapon . | . . . Special Melee Weapon . | . . . Unidentified Prototypes . | . . . Parts Lost 4 | . 1 3 Power 1 | . 1 . Propulsion 2 | . . 2 Utility . | . . . Weapon 1 | . . 1 Highest Loss Streak 2 | . 1 2 To Critical Strikes . | . . . Average Slot Usage (%) 82 | . 82 81 Engine 3 | . 4 . Treads 20 | . 26 . Wheel 6 | . 1 23 Storage 14 | . 14 14 Processor 8 | . 7 14 Ballistic Gun 28 | . 28 28 Naked Turns . | . . . Heaviest Build 90 | 10 90 83 Greatest Support 40 | 40 40 32 Greatest Overweight (x) 8 | . 4 8 Average Overweight (x) 2 | . 1 3 Largest Inventory Capacity 25 | 8 25 25 Average Capacity 22 | 8 22 25 Most Carried 13 | 8 13 11 Average Carried 9 | 6 10 7 Final Capacity 25 | 8 25 25 Final Carried 10 | 6 10 6 Class Distribution -------------------- 100% | Mutant Dominant Class ---------------- Mutant | -10/Materials Mutant | -10/Mines Resources | -11 -10 -10 ----------- Run | Yrd Mat Min Matter Collected 453 | 220 99 134 Remotely . | . . . Salvage Created 359 | . 268 91 Parts 32 | . 26 6 Haulers Intercepted . | . . . Recyclers Shooed . | . . . Parts Field Recycled . | . . . Retrieved Matter . | . . . Parts Self-Destructed . | . . . Prevented . | . . . Kills | -11 -10 -10 ------- Run | Yrd Mat Min Combat Hostiles Destroyed 13 | . 9 4 Guns 13 | . 9 4 Classes Destroyed 5 | . 4 1 Tunneler 1 | . 1 . Watcher 2 | . 2 . Swarmer 6 | . 6 . Grunt 5 | . 3 2 Demolisher 2 | . . 2 Best Kill Streak 3 | . 3 2 Combat Bots Only 3 | . 3 2 Max Kills in Single Turn 2 | . 2 1 Gunslinging 1 | . 1 . Exploded . | . . . Melee . | . . . Uniques/NPCs Destroyed . | . . . Combat | -11 -10 -10 -------- Run | Yrd Mat Min Hostile Shots Fired 82 | . 55 27 Missed 18 | . 14 4 Damage Taken 916 | . 356 560 Core 254 | . 74 180 Absorbed by Shields . | . . . Core Remaining (%) 100 | 100 . . Volleys Fired 66 | . 47 19 Largest 2 | . 2 2 Hottest 40 | . 40 40 Shots Fired 131 | . 94 37 Gun 131 | . 94 37 Cannon . | . . . Launcher . | . . . Special . | . . . Kinetic 131 | . 94 37 Thermal . | . . . Explosive . | . . . Electromagnetic . | . . . Robot Hit Streak 17 | . 6 17 Robot Miss Streak 7 | . 7 1 Penetration Max . | . . . Secondary Targets 4 | . 3 1 Max Gunslinging Chain 1 | . 1 1 Shots Hit Robots 79 | . 55 24 Core Hits 29 | . 20 9 Critical Kills . | . . . Critical Parts Destroyed 1 | . 1 . Critical Strikes 1 | . 1 . Destroy 1 | . 1 . Melee Attacks . | . . . Impact . | . . . Slashing . | . . . Piercing . | . . . Sneak Attacks . | . . . Combat Hostiles . | . . . Follow-up Attacks . | . . . Damage Inflicted 694 | . 471 223 Guns 689 | . 466 223 Cannons . | . . . Explosions . | . . . Melee . | . . . Ramming 5 | . 5 . Kinetic 689 | . 466 223 Thermal . | . . . Explosive . | . . . Electromagnetic . | . . . Impact . | . . . Slashing . | . . . Piercing . | . . . Highest Corruption . | . . . Average Corruption . | . . . Corruption Purged . | . . . Corruption Blocked . | . . . Overload Shots . | . . . Overflow Damage . | . . . Projectiles . | . . . Explosions . | . . . Melee . | . . . Knockbacks . | . . . Impact . | . . . Kinetic . | . . . Secondary . | . . . Self-Inflicted Damage . | . . . Shots . | . . . Rammed 1 | . 1 . Targets Rammed 1 | . 1 . Kicked . | . . . Crushed . | . . . Highest Temperature 6 | . 6 4 Average Temperature 3 | . 4 3 Received Heat Transfer 177 | . 66 111 Siege Activations . | . . . Robots Corrupted . | . . . Combat Hostiles . | . . . Parts Fried . | . . . Impact Corruptions . | . . . Robots Melted . | . . . Combat Hostiles . | . . . Parts Melted . | . . . Heat Transferred . | . . . Parts Sabotaged . | . . . Parts Stolen . | . . . Parts Stripped . | . . . Power Chain Reactions . | . . . Alert | -11 -10 -10 ------- Run | Yrd Mat Min Peak Influence 116 | . 112 116 Initial 31 | . . 31 Average 61 | . 51 95 Maximum Alert Level . | . . . Low Security (%) 100 | 100 100 100 Level 1 . | . . . Level 2 . | . . . Level 3 . | . . . Level 4 . | . . . Level 5 . | . . . High Security . | . . . Max Security . | . . . Squads Dispatched 3 | . 3 . Investigation 1 | . 1 . Extermination . | . . . Reinforcement 2 | . 2 . Assault . | . . . Garrison . | . . . Intercept . | . . . Searches Triggered . | . . . Construction Impeded . | . . . Haulers Reinforced . | . . . Active Scanning Responses . | . . . Cargo Convoy Interrupts . | . . . Stealth | -11 -10 -10 --------- Run | Yrd Mat Min Distress Signals 2 | . 2 . Communications Jammed . | . . . Distress Signals . | . . . Times Spotted 32 | . 21 11 Peak Tracking Total 4 | . 4 4 Tactical Retreats 1 | . . 1 Traps | -11 -10 -10 ------- Run | Yrd Mat Min Traps Triggered . | . . . Indirectly . | . . . Trap Hack Attempts . | . . . Triggered . | . . . Disarmed . | . . . Reprogrammed . | . . . Reused . | . . . Traps Extracted . | . . . Installed . | . . . Triggered . | . . . Machines | -11 -10 -10 ---------- Run | Yrd Mat Min Machines Disabled . | . . . Max in Single Turn . | . . . Machines Repaired . | . . . Machines Dismantled . | . . . Machines Sabotaged . | . . . Overloaded Fab Kills . | . . . Hacking | -11 -10 -10 --------- Run | Yrd Mat Min Machines Accessed 2 | . 2 . Terminals 2 | . 2 . Fabricators . | . . . Repair Stations . | . . . Recycling Units . | . . . Scanalyzers . | . . . Garrison Access . | . . . Total Hacks 7 | . 7 . Successful 3 | . 3 . Failed 4 | . 4 . Catastrophic 1 | . 1 . Database Lockouts . | . . . Manual 7 | . 7 . Terminals 7 | . 7 . Fabricators . | . . . Repair Stations . | . . . Recycling Units . | . . . Scanalyzers . | . . . Garrison Access . | . . . Terminal Hacks . | . . . Fabricator Hacks . | . . . Repair Station Hacks . | . . . Recycling Unit Hacks . | . . . Scanalyzer . | . . . Garrison Access Hacks . | . . . Unauthorized Hacks 3 | . 3 . Terminals 3 | . 3 . Assimilate 1 | . 1 . Botnet 2 | . 2 . Fabricators . | . . . Repair Stations . | . . . Recycling Units . | . . . Scanalyzers . | . . . Garrison Access . | . . . Data Cores Recovered . | . . . Used . | . . . Hacking Detections 2 | . 2 . Full Trace Events 2 | . 2 . Feedback Events . | . . . Feedback Blocked . | . . . Robot Schematics Acquired . | . . . Robots Built . | . . . Authchips . | . . . Time . | . . . Total Robot Build Rating . | . . . Part Schematics Acquired . | . . . Parts Built . | . . . Authchips . | . . . Time . | . . . Total Part Build Rating . | . . . Parts Repaired . | . . . Time . | . . . Parts Recycled . | . . . Recycled Matter . | . . . Retrieved Matter . | . . . Retrieved Components . | . . . Parts Scanalyzed . | . . . Part Schematics Acquired . | . . . Parts Damaged . | . . . Bothacking | -11 -10 -10 ------------ Run | Yrd Mat Min Used RIF Installer . | . . . Robots Hacked . | . . . Non-combat . | . . . Combat . | . . . Robot Hacks Applied . | . . . Relay Couplers Released . | . . . Fabnet Peak Effective % . | . . . Robots Rewired . | . . . Allies Hacked . | . . . Hacks Repelled . | . . . Allies | -11 -10 -10 -------- Run | Yrd Mat Min Total Allies . | . . . Largest Group . | . . . Highest-Rated Group . | . . . Highest-Rated Ally . | . . . Total Orders . | . . . Ally Attacks . | . . . Total Damage . | . . . Kills . | . . . Allies Corrupted . | . . . Allies Melted . | . . . Intel | -11 -10 -10 ------- Run | Yrd Mat Min Robot Analysis Total . | . . . Derelict Logs Recovered . | . . . Drone Launches . | . . . Drone Recoveries . | . . . Exploration | -11 -10 -10 ------------- Run | Yrd Mat Min Turns Passed 1603 | 12 1195 396 Spaces Moved 538 | 7 352 179 Core . | . . . Treads 320 | 5 315 . Legs 2 | 2 . . Wheels 216 | . 37 179 Hover . | . . . Flight . | . . . Fastest Speed 120 | 120 140 130 Average Speed 212 | 148 247 144 Slowest Speed 320 | 160 320 200 Overloaded Moves . | . . . Propulsion Burnouts . | . . . Robots Hopped . | . . . Cave-ins Triggered . | . . . Exploration Rate (%) 33 | 3 57 39 Regions Visited 2 Branch Regions 1 Pre-discovered Areas . | . . . Known Exits Taken . | . . . Unknown Exits Taken 2 | 1 1 . Scrap Searched . | . . . Spaces Dug . | . . . Terrain Destroyed . | . . . Melee . | . . . Projectile . | . . . AOE . | . . . Terrain Rammed . | . . . Walls Destroyed . | . . . Machines Disabled . | . . . Actions | -11 -10 -10 --------- Run | Yrd Mat Min Total 894 | 10 596 288 Wait 261 | . 181 80 Move 536 | 6 351 179 Hop . | . . . Pick Up 6 | . 5 1 Fast Attach 2 | . 2 . Attach 9 | 2 2 5 Detach 7 | 2 3 2 Swap 1 | . 1 . Drop 5 | . 3 2 Fire 66 | . 47 19 Melee . | . . . Ram . | . . . Kick . | . . . Crush 1 | . 1 . Escape Stasis . | . . . Rewire . | . . . Trap . | . . . Miscellaneous . | . . . Route ------- -11/Scrapyard -10/Materials -10/Mines (discovered 2 exits: [*Mat x2]) History --------- Turn | Location | Event 1 | -11/Scrapyard | Discovered new exit (range 3) 13 | -11/Scrapyard | Entered Materials 304 | -10/Materials | Build established: Mutant 351 | -10/Materials | Discovered new exit (range 8) 1208 | -10/Materials | Entered Mines 1209 | -10/Mines | Assembled infested the area 1214 | -10/Mines | Assisted by a Guerilla fighting off Assembled 1249 | -10/Mines | Core integrity fell below 50% 1257 | -10/Mines | Core integrity fell below 20% 1322 | -10/Mines | Discovered new exit (range 4) 1416 | -10/Mines | Discovered new exit (range 10) 1604 | -10/Mines | Destroyed by S-10 Pest with Light Assault Rifle Last Messages --------------- 01305_ U-05 Engineer lays Concrete. 01308_ U-05 Engineer builds a Wall. 01322_ EXIT=FOUND 01330_ Assault Rifle destroyed. 01334_ U-05 Engineer builds a Wall. 01345_ G-34 Mercenary destroyed. 01348_ R-06 Scavenger collects Ion Engine. 01350_ Wheel destroyed. 01351_ R-06 Scavenger collects Aluminum Leg. 01365_ G-47 Trooper destroyed. 01365_ R-06 Scavenger collects Aluminum Leg. 01369_ R-06 Scavenger collects Heat Sink. 01371_ Dropped Aluminum Leg. 01378_ Acquired 37 matter. 01389_ Acquired 10 matter. 01416_ K-01 Serf collects debris. 01416_ EXIT=FOUND 01420_ K-01 Serf collects debris. 01587_ K-01 Serf destroyed. 01590_ K-01 Serf collects debris. Map ----- +----------------------------------------------------+ | ??# # """ < ????????????????????????????? | | ??# #? ??????????????????????????????? | | ??# ##??# #???????????????????????????????? | | ??# #??#!#???????????????????????????????? | | ??## # ##??# #???????????????????????????????? | | ???# # #??#%#???????????????????????????????? | | ??## #### ####%#???????????????????????????????? | | ??# ## ##=#???????????????????????????????? | | ??## # # ## ##[#???????????????????????????????? | | ???# ## # ## #=#???????????????????????????????? | | ???## ## ##### ##??????????????????????????????? | | ????#### # #?????????????????????????????? | | ????### #?????? ????????????????????????? | | ????# " ####### #? #????????????????????????? | | ????# # # ##???????????????????????? | | ????#% ## ## ##???????????????????? | | ????## #### " #????#??????????????? | | ?????# " =##?? #??????????????? | | ?????# #" = ## #??????????????? | | ?????### ### ## #####?#! # #??????????????? | | ???????## #?? ##=%##????## ##?????????????? | | ???????## ### ## =#????## ######????????? | | ???????# ## #???# #????????? | | ???????# ##### #??# s #????????? | | ???????# ##?## #### #???????????????? | | ???????## #??# @ # ###???????????????? | | ######### #??# # ##?????????????????? | | #??## ####### # #??????????????????? | | #????????????# # #??????????????????? | | ##########????????????# # #??????????????????? | | #??#####??????????????# # #??????????????????? | | #?## ##?????????????# # #??????????????????? | | ### ##???????????##r # #??????????????????? | | ## #??????????## # #??????????????????? | | #???????##### # #??????????????????? | | ###??????## # #??????????????????? | | ##????????# ## #??????????????????? | | # < ##????????# ### #??????????????????? | | # #######?## ###### #??????????????????? | | # ## ### ##??# #??????????????????? | | ## #???# ####??????????????????? | | ?###### #???# #?????????????????????? | | ??????## = #???# #?????????????????????? | | ???????## *%= #???# ##????????????????????? | | ????????## ## ##?## ##???????????????????? | | ?????????######## ### #???????????????????? | | ????????????????## #???????????????????? | | ?????????????????## ##???????????????????? | | ??????????????????## ##????????????????????? | | ???????????????????# #?????????????????????? | +----------------------------------------------------+ Best States ------------- Heat Dissipation 25 Energy Generation 10 Energy Capacity 125 Matter Stores 300 Matter Capacity 300 Sight Range 18 Terrain Scan Density 10 Evasion (%) 40 Recoil Reduction 2 Item Schematics ----------------- None Robot Schematics ------------------ None Fabricated ------------ Nothing Alien Tech Used ----------------- None Achievements -------------- None Challenges ------------ None Game ------ Seed AluminumInsulationPrototype Manual? 0 Play Time 00:09:23 Cumulative 31.0 hours Start 2024.04.14 @ 20:36:01 End 2024.04.14 @ 20:43:15 Sessions 1 Manual Loads 0 Difficulty Rogue Special Mode None Game No. 44 Rogue 43 Adventurer 1 Explorer 0 Win Type - Total 1 Types 1/0/0/0/0/0/0/0/0 Lore% 23 Gallery% 42 Achievement% 35 Wizard Run 0 Options --------- Layout 0 ASCII 0 Keyboard 0 Movement Numpad Keybinds 0 Fullscreen 1 Font 18/SmallcapsGlow Map View 76x50 Zoom Use 0% Tactical HUD 1 Map Filters NONE Filters NONE Steam 1 RUN: 485d20be-9262-4d68-a3eb-bef8877f75e0